Workbook

Sheet Instruções
B4: Instruções de uso
B5: Aba | Novos Clientes | E5: Na coluna "cliente", preencher quem foi o cliente que contratou.
E6: Na coluna "ticket mensal ou único", preencher o valor do fechamento. Se for fechamento de uma venda única, apenas o valor total, se foi recorrente, colocar o valor mensal.
E7: Na coluna "Frequência de Compras", colocar a quantidade de meses fechada em contrato ou o esperado aproximado. Se for compra única, colocar o número 1.
B8: Aba | Marketing | E8: Na coluna "Categoria", preencher sobre o que esse custo está atrelado.
E9: Na coluna "Item", descrever especificamente sobre o custo.
E10: Na coluna descrição, explicar o objetivo e função do custo descrito.
E11: Na coluna "custo", colocar o investimento feito no item, considerando impostos e tudo que a empresa despende.
B12: Aba | Vendas | E12: Na coluna "Categoria", preencher sobre o que esse custo está atrelado.
E13: Na coluna "Item", descrever especificamente sobre o custo.
E14: Na coluna descrição, explicar o objetivo e função do custo descrito
E15: Na coluna "custo", colocar o investimento feito no item, considerando impostos e tudo que a empresa despende.
B16: Resultado CAC e LTV

Sheet Marketing
A1: Categoria | B1: Item | C1: Descrição | D1: Custo
A2: Equipe | B2: Gestor MKT | C2: Responsável pela equipe, construção estratégica e execução de projetos | D2: 6000 | F2: IMPORTANTE Na coluna "custo", é importante adicionar os valores considerando inclusive os impostos e todos os outros gastos/investimentos naquele ítem.
A3: Equipe | B3: Redator | C3: Construção de copys para o blog | D3: 3000
A4: Equipe | B4: Analista de Inbound | C4: Criação e manutenção da maquina de Inbound | D4: 3500
A5: Ferramenta | B5: Ferramenta de Marketing | C5: Criação de Landing Page | D5: 800
A6: Consultoria | B6: Agência de Marketing | C6: Auxilio em SEO | D6: 5000
A7: Evento | B7: Evento "X" do setor | C7: Participação em evento com stand | D7: 30000
A8: Variáveis | B8: Anúncios | C8: Verba gasta com anúncio pago | D8: 5000
C9: Custo Total no mês | D9: =SUM(D2:D8) -> 53300

Sheet Vendas
A1: Categoria | B1: Item | C1: Descrição | D1: Custo
A2: Equipe | B2: Gestor de Vendas | C2: Responsável pela equipe, construção estratégica e execução | D2: 6000 | F2: IMPORTANTE Na coluna "custo", é importante adicionar os valores considerando inclusive os impostos e todos os outros gastos/investimentos naquele ítem.
A3: Equipe | B3: Vendedor | C3: Apresentação e fechamento | D3: 3500
A4: Equipe | B4: Vendedor | C4: Apresentação e fechamento | D4: 3500
A5: Equipe | B5: SDR | C5: Qualificação e Prospecção | D5: 2500
A6: Equipe | B6: SDR | C6: Qualificação e Prospecção | D6: 2500
A7: Equipe | B7: SDR | C7: Qualificação e Prospecção | D7: 2500
A8: Ferramenta | B8: CRM | C8: Ferramenta de vendas | D8: 300
A9: Consultoria | B9: Treinamento de vendas | C9: Treinamento semestral | D9: 5000
A10: Evento | B10: Outro | C10: Outro | D10: 0
A11: Variáveis | B11: Comissionamento de vendas | C11: % que a equipe ganhou com suas comissões | D11: 600
C12: Custo Total no mês | D12: =SUM(D2:D11) -> 26400

Sheet Novos Clientes
A1: Cliente | B1: Ticket mensal ou único | C1: Frequência de Compras (anual) | D1: Margem de Contribuição | E1: Ano Início do Contrato | F1: Ano de Fim do Contrato | G1: Tempo de Retenção | H1: LTV por cliente
A2: Cliente 1 | B2: 8231 | C2: 1 | D2: 0.2 | E2: 2020 | F2: 2020 | G2: =IF(IF(F2<>"",F2-E2,YEAR(NOW())-E2)>0,IF(F2<>"",F2-E2,YEAR(NOW())-E2),1) -> 1 | H2: =B2*C2*D2*G2 -> 1646.2
A3: Cliente 2 | B3: 5970 | C3: 2 | D3: 0.15 | E3: 2020 | F3: 2020 | G3: =IF(IF(F3<>"",F3-E3,YEAR(NOW())-E3)>0,IF(F3<>"",F3-E3,YEAR(NOW())-E3),1) -> 1 | H3: =B3*C3*D3*G3 -> 1791
A4: Cliente 3 | B4: 9265 | C4: 3 | D4: 0.3 | E4: 2020 | F4: 2020 | G4: =IF(IF(F4<>"",F4-E4,YEAR(NOW())-E4)>0,IF(F4<>"",F4-E4,YEAR(NOW())-E4),1) -> 1 | H4: =B4*C4*D4*G4 -> 8338.5 | J4: IMPORTANTE Em caso de venda única, colocar 1 em "Frequência de Compras". Para os casos de recorrência, colocar o tempo de contrato em meses. Para contratos já finalizados, adicionar o ano de fim de contrato. No caso de contratos que seguem em aberto, deixar o campo de "Ano de fim de contrato" vazia.
A5: Cliente 4 | B5: 4210 | C5: 12 | D5: 0.4 | E5: 2021 | G5: =IF(IF(F5<>"",F5-E5,YEAR(NOW())-E5)>0,IF(F5<>"",F5-E5,YEAR(NOW())-E5),1) -> 3 | H5: =B5*C5*D5*G5 -> 60624
A6: Cliente 5 | B6: 5710 | C6: 12 | D6: 0.25 | E6: 2021 | G6: =IF(IF(F6<>"",F6-E6,YEAR(NOW())-E6)>0,IF(F6<>"",F6-E6,YEAR(NOW())-E6),1) -> 3 | H6: =B6*C6*D6*G6 -> 51390
A7: Cliente 6 | B7: 5307 | C7: 12 | D7: 0.32 | E7: 2021 | G7: =IF(IF(F7<>"",F7-E7,YEAR(NOW())-E7)>0,IF(F7<>"",F7-E7,YEAR(NOW())-E7),1) -> 3 | H7: =B7*C7*D7*G7 -> 61136.64
A8: Cliente 7 | B8: 6428 | C8: 12 | D8: 0.32 | E8: 2021 | G8: =IF(IF(F8<>"",F8-E8,YEAR(NOW())-E8)>0,IF(F8<>"",F8-E8,YEAR(NOW())-E8),1) -> 3 | H8: =B8*C8*D8*G8 -> 74050.56
A9: Cliente 8 | B9: 9666 | C9: 12 | D9: 0.32 | E9: 2021 | G9: =IF(IF(F9<>"",F9-E9,YEAR(NOW())-E9)>0,IF(F9<>"",F9-E9,YEAR(NOW())-E9),1) -> 3 | H9: =B9*C9*D9*G9 -> 111352.32
A10: Cliente 9 | B10: 7565 | C10: 3 | D10: 0.32 | E10: 2021 | F10: 2021 | G10: =IF(IF(F10<>"",F10-E10,YEAR(NOW())-E10)>0,IF(F10<>"",F10-E10,YEAR(NOW())-E10),1) -> 1 | H10: =B10*C10*D10*G10 -> 7262.4
A11: Cliente 10 | B11: 3418 | C11: 6 | D11: 0.32 | E11: 2021 | F11: 2022 | G11: =IF(IF(F11<>"",F11-E11,YEAR(NOW())-E11)>0,IF(F11<>"",F11-E11,YEAR(NOW())-E11),1) -> 1 | H11: =B11*C11*D11*G11 -> 6562.56
A12: Cliente 11 | B12: 8150 | C12: 12 | D12: 0.32 | E12: 2022 | G12: =IF(IF(F12<>"",F12-E12,YEAR(NOW())-E12)>0,IF(F12<>"",F12-E12,YEAR(NOW())-E12),1) -> 2 | H12: =B12*C12*D12*G12 -> 62592
A13: Cliente 12 | B13: 3623 | C13: 3 | D13: 0.32 | E13: 2022 | F13: 2022 | G13: =IF(IF(F13<>"",F13-E13,YEAR(NOW())-E13)>0,IF(F13<>"",F13-E13,YEAR(NOW())-E13),1) -> 1 | H13: =B13*C13*D13*G13 -> 3478.08
A14: Cliente 13 | B14: 8273 | C14: 6 | D14: 0.32 | E14: 2023 | G14: =IF(IF(F14<>"",F14-E14,YEAR(NOW())-E14)>0,IF(F14<>"",F14-E14,YEAR(NOW())-E14),1) -> 1 | H14: =B14*C14*D14*G14 -> 15884.16
A15: Cliente 14 | B15: 3452 | C15: 6 | D15: 0.32 | E15: 2023 | G15: =IF(IF(F15<>"",F15-E15,YEAR(NOW())-E15)>0,IF(F15<>"",F15-E15,YEAR(NOW())-E15),1) -> 1 | H15: =B15*C15*D15*G15 -> 6627.84
G19: LTV Total | H19: =AVERAGE(H2:H15) -> 33766.876

Sheet Resultado CAC e LTV
A1: Resultados
A2: Custo de Aquisição por Cliente (CAC) | B2: =SUM(Marketing!D9,Vendas!D12)/(COUNTA('Novos Clientes'!A:A)-1) -> 5692.8571 | D2: Glossário
A3: Custo total para vender | B3: =SUM(Marketing!D9,Vendas!D12) -> 79700 | D3: CAC = Custo de Aquisição de Clientes é o resultado da soma dos investimentos feitos em Marketing e Vendas dividida pelo número de clientes conquistados em um mesmo período. É uma métrica essencial para mensurar a saúde financeira de uma empresa.
A4: Entrada de receita | B4: =SUM('Novos Clientes'!B:B) -> 89268 | D4: LTV = Lifetime Value é uma estimativa da receita média que um cliente irá gerar ao longo de sua vida como cliente. É uma métrica valiosa para empresas com venda recorrente ou com repetição. Por isso, ele permite uma avaliação mais precisa do valor viável para o CAC (custo por aquisição de cliente).
A5: LTV | B5: ='Novos Clientes'!H19 -> 33766.876 | D5: LTV/CAC = É a relação entre o retorno que o cliente deixa e o custo de adiquirir novos clientes. Uma relação saudável financeiramente é à partir de 3.
A6: Vida média dos clientes (em meses em caso de recorrência) | B6: =SUM('Novos Clientes'!C:C)/(COUNTA('Novos Clientes'!C:C)-1) -> 7.2857143
A7: A cada R$1,00 investido em Marketing e Vendas, você fatura: | B7: =B5/B3 -> 0.42367473
A10: LTV/CAC | B10: =B5/B2 -> 5.9314462
